 Dungeon Crawl Stone Soup version 0.17-a0-1719-g1afd5a1 (webtiles) character file.

32 Promi the Shooter (level 3, -9/25 HPs)
             Began as a High Elf Hunter on Aug 28, 2015.
             Killed from afar by Crazy Yiuf (10 damage)
             ... with a wand of frost
             ... on level 2 of the Dungeon.
             The game lasted 00:06:52 (1878 turns).

Promi the Shooter (High Elf Hunter)                 Turns: 1878, Time: 00:06:52

Health: -9/25      AC:  4    Str: 11    XL:     3   Next: 10%
Magic:  4/4        EV: 12    Int: 15    God:
Gold:   76         SH:  0    Dex: 16    Spells: 0 memorised, 2 levels left

rFire  . . .     SeeInvis .     a - +1 shortbow
rCold  . . .     Clarity  .     d - +0 leather armour
rNeg   . . .     SustAt   .     (no shield)
rPois  .         Gourm    .     (no helmet)
rElec  .         Spirit   .     (no cloak)
rCorr  .         Warding  .     (no gloves)
rMut   .         Stasis   .     t - +0 pair of boots
MR     .....                    (no amulet)
Stlth  ++........               (no ring)
                                (no ring)

@: not resistant to hostile enchantments, unstealthy
A: no striking features
a: no special abilities


You were on level 2 of the Dungeon.
You were not hungry.

You visited 1 branch of the dungeon, and saw 2 of its levels.

You collected 76 gold pieces.

Inventory:

Hand weapons
 a - a +1 shortbow (weapon)
 c - a +0 short sword
 g - a +0 short sword
Missiles
 b - 11 arrows (quivered)
Armour
 d - a +0 leather armour (worn)
 n - a +0 ring mail
 t - a +0 pair of boots (worn)
Jewellery
 m - an uncursed amulet of stasis {unknown}
Scrolls
 h - 4 scrolls of identify {unknown}
 i - a scroll of noise {unknown}
 k - 2 scrolls of enchant weapon {unknown}
 l - a scroll of fog {unknown}
 r - a scroll of enchant armour {unknown}
 u - a scroll of recharging {unknown}
Potions
 f - a potion of heal wounds {unknown}
 j - 2 potions of curing {unknown}
 o - a potion of degeneration {unknown}
 p - a potion of agility {unknown}
 q - a potion of haste {unknown}
Comestibles
 e - 3 bread rations
 s - 3 chunks of flesh
 v - a meat ration


   Skills:
 + Level 2.5 Fighting
 + Level 1.4 Short Blades
 + Level 5.4 Bows
 + Level 2.4 Dodging
 + Level 1.9 Stealth


You had 2 spell levels left.
You didn't know any spells.

Dungeon Overview and Level Annotations

Branches:
Dungeon (2/15)

Altars:
Ashenzari
Dithmenos

Annotations:
D:2 Crazy Yiuf


Message History

Firing (i - inventory):
b - 14 arrows (quivered)
Press: ? - help, Shift-Dir - straight line, f/p - Crazy Yiuf
Aim: Crazy Yiuf, wielding a quarterstaff of chaos, wearing a cloak and carrying a wand of frost {zapped: 4} (heavily wounded)
You shoot an arrow. The arrow barely misses Crazy Yiuf.
Crazy Yiuf says, "Key!"
Firing (i - inventory):
b - 13 arrows (quivered)
Press: ? - help, Shift-Dir - straight line, f/p - Crazy Yiuf
Aim: Crazy Yiuf, wielding a quarterstaff of chaos, wearing a cloak and carrying a wand of frost {zapped: 4} (heavily wounded)
You shoot an arrow. The arrow barely misses Crazy Yiuf.
Crazy Yiuf yells, "Iron!
Snoogle ladder sing."
Crazy Yiuf zaps a wand.
The puff of frost hits you!
* * * LOW HITPOINT WARNING * * *
Firing (i - inventory):
b - 12 arrows (quivered)
Press: ? - help, Shift-Dir - straight line, f/p - Crazy Yiuf
Aim: Crazy Yiuf, wielding a quarterstaff of chaos, wearing a cloak and carrying a wand of frost {zapped: 5} (heavily wounded)
You shoot an arrow. The arrow hits Crazy Yiuf.
Crazy Yiuf is severely wounded.
Crazy Yiuf laughs, "Leather!
Announcement light sing."
Crazy Yiuf zaps a wand.
The puff of frost hits you!
You die...

# ## ###♣♣♣♣♣ #.
##....♣(♣♣♣ #.
##.@..g(♣..♣ ##
#......♣♣♣♣g(.(.#
#. #.....♣♣ #..)#
#. #.###♣♣ ### #[
#)# #. #(# #.
#.### ######## #.
#...#
#.##.#.####.
###.#
#.##.#.##...


You could see Crazy Yiuf.

Vanquished Creatures
  3 worms
  A giant cockroach (D:2)
  A hobgoblin (D:1)
  6 kobolds
  2 quokkas (D:2)
  2 ball pythons (D:2)
  4 bats
  A giant gecko (D:2)
  3 giant newts (D:2)
  A goblin (D:2)
  2 rats
26 creatures vanquished.

Notes
Turn   | Place    | Note
--------------------------------------------------------------
     0 | D:1      | Promi the High Elf Hunter began the quest for the Orb.
     0 | D:1      | Reached XP level 1. HP: 14/14 MP: 2/2
   518 | D:1      | Reached skill level 1 in Short Blades
   773 | D:1      | Reached XP level 2. HP: 19/19 MP: 3/3
  1011 | D:1      | Found a shattered altar of Ashenzari.
  1112 | D:2      | Found a shadowy altar of Dithmenos.
  1736 | D:2      | Reached XP level 3. HP: 22/25 MP: 4/4
  1864 | D:2      | Noticed Crazy Yiuf
  1877 | D:2      | HP: 1/25 [Crazy Yiuf/wand of frost (8)]
  1878 | D:2      | Killed from afar by Crazy Yiuf

Vault maps used:
D:1:      sevenhm_arrival_forest_fort_small_6
D:2:      nicolae_dithmenos_shadow_blocks, uniq_crazy_yiuf_cottage

Action                   || total
-------------------------++-------
Melee: Short sword       ||    71
 Fire: Shortbow          ||    30
 Stab: Sleeping          ||     2
       Distracted        ||     1
  Eat: Chunk             ||     3
